 Dungeon Crawl Stone Soup version 0.22-a0-293-gc9362ec (webtiles) character file.

504 mhoghedin the Grappler (level 7, -1/55 HPs)
             Began as a Ghoul Warper on Mar 24, 2018.
             Was an Initiate of Cheibriados.
             Slain by a two-headed ogre
             ... wielding a +0 giant club
              (26 damage)
             ... on level 4 of the Dungeon.
             The game lasted 00:06:26 (3958 turns).

mhoghedin the Grappler (Ghoul Warper)               Turns: 3958, Time: 00:06:27

Health: -1/55      AC:  8    Str: 16    XL:     7   Next: 17%
Magic:  8/8        EV: 11    Int: 11    God:    Cheibriados [......]
Gold:   352        SH:  0    Dex:  9    Spells: 2/9 levels left

rFire    . . .     SeeInvis .   e - +0 hunting sling
rCold    + . .     Gourm    .   (no shield)
rNeg     + + +     Faith    .   q - +0 troll leather armour {regen}
rPois    ∞         Spirit   .   a - +0 helmet
rElec    .         Reflect  .   k - +2 cloak {MR+}
rCorr    .         Harm     .   (no gloves)
MR       +....                  (no boots)
Stlth    +.........             (no amulet)
HPRegen  0.00/turn              (no ring)
MPRegen  0.11/turn              (no ring)

@: rotting, very slow
A: rotting body, claws 1, carnivore, cold resistance 1, negative energy
resistance 3, inhibited regeneration, torment resistance, unbreathing
a: Bend Time, Renounce Religion


You were on level 4 of the Dungeon.
You worshipped Cheibriados.
Cheibriados was noncommittal.
You were not hungry.

You visited 2 branches of the dungeon, and saw 6 of its levels.

You collected 352 gold pieces.

Inventory:

Hand Weapons
 e - a +0 hunting sling (weapon)
   (You found it on level 1 of the Dungeon)
Missiles
 d - 5 tomahawks of dispersal {=f}
 s - 25 sling bullets (quivered)
Armour
 a - a +0 helmet (worn)
   (You found it on level 5 of the Dungeon)
 k - a +2 cloak of magic resistance (worn)
   (You took it off Crazy Yiuf on level 2 of the Dungeon)
 q - a +0 troll leather armour (worn) {regen}
   (You found it on level 4 of the Dungeon)
Wands
 p - a wand of paralysis (10)
   (You found it on level 5 of the Dungeon)
Scrolls
 b - 8 scrolls of remove curse
 c - 2 scrolls of blinking {!r}
 j - a scroll of enchant weapon
 l - 4 scrolls of teleportation {unknown}
 m - 2 scrolls of fog {unknown}
Potions
 h - a potion of lignification {unknown}
 o - a potion of brilliance {unknown}
 r - a potion of curing
Comestibles
 f - 8 rations


   Skills:
 - Level 2.1 Fighting
 - Level 0.8 Throwing
 - Level 0.8 Armour
 - Level 1.7 Dodging
 + Level 8.3 Unarmed Combat
 - Level 1.7 Spellcasting
 - Level 2.6 Translocations


You had 2 spell levels left.
You knew the following spells:

 Your Spells              Type           Power        Failure   Level  Hunger
a - Shroud of Golubria    Chrm/Tloc      #.........   32%         2    ###....
b - Blink                 Tloc           N/A          19%         2    ###....
c - Lesser Beckoning      Tloc           #.........   36%         3    ####...


Dungeon Overview and Level Annotations

Branches:
Dungeon (5/15)             Temple (1/1) D:5

Altars:
Ashenzari
Cheibriados
Hepliaklqana
Okawaru
Ru
Sif Muna
Trog
Wu Jian
Xom
Yredelemnul
The Shining One


Innate Abilities, Weirdness & Mutations

Your body is rotting away.
You thrive on raw meat.
You are immune to poison.
You have sharp fingernails.
You are carnivorous and can eat meat at any time.
Your flesh is cold resistant. (rC+)
You are immune to negative energy. (rN+++)
You do not regenerate when monsters are visible.
You are immune to unholy pain and torment.
You can survive without breathing.


Message History

Found a stone staircase leading down.
Health restored: 55 You start putting on your armour.
You continue putting on your helmet. x4
You finish putting on your +0 helmet.
There is a stone staircase leading down here.
A worker ant comes into view.
A worker ant is nearby!
The worker ant twitches its antennae in your direction.
The worker ant bites you but does no damage. x2
You completely miss the worker ant. The worker ant misses you.
You claw the worker ant! The worker ant closely misses you.
You scratch the worker ant.
The worker ant bites you but does no damage.
You scratch the worker ant.
You kill the worker ant!
Cheibriados appreciates the change of pace.
No target in view!
No target in view!
No target in view!
No target in view!
No target in view!
No target in view!
No target in view!
You now have 352 gold pieces (gained 8).
b - 8 scrolls labeled YTARRI ISHUEKH (gained 1)
g - 3 scrolls of identify (gained 1)
You open the door.
An adder comes into view.
The adder hisses angrily.
An adder is nearby!
There is an open door here.
You barely miss the adder. The adder bites you but does no damage.
You claw the adder! The adder closely misses you.
You barely miss the adder. The adder bites you but does no damage.
You closely miss the adder. The adder closely misses you.
You barely miss the adder. The adder barely misses you.
You barely miss the adder. The adder barely misses you. x2
You closely miss the adder. The adder misses you.
You claw the adder!
You kill the adder!
Cheibriados thoroughly appreciates the change of pace.
No target in view!
No target in view!
No target in view!
No target in view!
No target in view!
r - a potion of curing You open the door.
There is an open door here.
You open the door.
There is an open door here.
You open the door.
There is an open door here.
You open the door.
There is an open door here.
You open the door.
There is an open door here.
There is an open door here.
You open the door.
There is an open door here.
You open the door.
There is an open door here.
There is an open door here.
There is a stone staircase leading down here.
There is an open door here.
Done exploring.
No target in view!
No target in view!
No target in view!
No target in view!
No target in view!
No target in view!
No target in view!
Done exploring.
Done exploring.
Search for what [? for help]? bullet
There is an open door here.
You see here 25 sling bullets.
s - 25 sling bullets Done exploring.
You drop a +0 whip of venom.
e - a +0 hunting sling (weapon)
As you read the scroll of identify, it crumbles to dust.
j - a scroll of enchant weapon
As you read the scroll of identify, it crumbles to dust.
b - 8 scrolls of remove curse
As you read the scroll of identify, it crumbles to dust.
n - 3 scrolls of random uselessness
Okay, then.
Unknown command.
You drop 3 scrolls of random uselessness.
Unknown command.
(D) Dungeon (T) Temple
Where to? (Enter - D:5 @ (x,y), ? - help)
There is a stone staircase leading up here.
You climb upwards.
The two-headed ogre hits you with a giant club!
The two-headed ogre hits you with a dire flail!
The two-headed ogre hits you with a giant club!!
You die...

........###...#
............#.##
...............#
#..............#
...............######
....................#
#...................#
###..............O..#
....#...........@...#
##..................#
...##...............#
##..........>.......#
....................#
####.(.......#......#
###.).....####.###
.............(. .#
###...#...####.


You could see a two-headed ogre.

Vanquished Creatures
  An ogre (D:4)
  2 crimson imps (D:5)
  A bullfrog zombie (D:5)
  Crazy Yiuf (D:2)
  An orc priest (D:3)
  An orc wizard (D:4)
  3 worker ants
  5 adders
  An ooze (D:3)
  A worm (D:2)
  A dart slug (D:3)
  3 leopard geckos
  9 orcs
  7 bats
  5 giant cockroaches
  6 goblins
  8 hobgoblins
  7 jackals (D:1)
  16 kobolds
  2 quokkas
  2 ball pythons
  3 frilled lizards
  9 rats
95 creatures vanquished.

Notes
Turn   | Place    | Note
-------+----------+-------------------------------------------
     0 | D:1      | mhoghedin the Ghoul Warper began the quest for the Orb.
     0 | D:1      | Reached XP level 1. HP: 17/17 MP: 2/2
   102 | D:1      | Reached XP level 2. HP: 8/24 MP: 3/3
   103 | D:1      | Reached skill level 3 in Unarmed Combat
   104 | D:1      | HP: 4/24 [hobgoblin/club (4)]
   357 | D:1      | Found a glowing golden altar of the Shining One.
   368 | D:1      | Reached XP level 3. HP: 29/29 MP: 4/4
   378 | D:1      | Learned a level 2 spell: Blink
   381 | D:1      | Learned a level 2 spell: Shroud of Golubria
   477 | D:1      | HP: 7/29 [jackal (1)]
   478 | D:1      | Reached skill level 4 in Unarmed Combat
   485 | D:1      | HP: 2/29 [kobold/short sword (5)]
  1074 | D:2      | Found a runed door.
  1270 | D:2      | Reached XP level 4. HP: 15/35 MP: 5/5
  1958 | D:2      | Found a bloodstained altar of Trog.
  1964 | D:2      | Reached skill level 5 in Unarmed Combat
  2174 | D:2      | Noticed Crazy Yiuf
  2185 | D:2      | HP: 6/35 [Crazy Yiuf/quarterstaff of chaos (4)]
  2190 | D:2      | Killed Crazy Yiuf
  2425 | D:3      | Reached XP level 5. HP: 37/41 MP: 6/6
  2551 | D:3      | Reached skill level 6 in Unarmed Combat
  2952 | D:4      | Learned a level 3 spell: Lesser Beckoning
  3010 | D:4      | Noticed an ogre
  3022 | D:4      | Killed an ogre
  3022 | D:4      | Reached skill level 7 in Unarmed Combat
  3022 | D:4      | Reached XP level 6. HP: 31/48 MP: 7/7
  3159 | D:4      | Noticed a two-headed ogre
  3181 | D:5      | Entered Level 5 of the Dungeon
  3283 | D:5      | Found a staircase to the Ecumenical Temple.
  3296 | Temple   | Entered the Ecumenical Temple
  3313 | Temple   | Became a worshipper of Cheibriados the Contemplative
  3349 | D:5      | Found a hazy altar of Hepliaklqana.
  3350 | D:5      | Found a deep blue altar of Sif Muna.
  3529 | D:5      | Reached skill level 8 in Unarmed Combat
  3529 | D:5      | Reached XP level 7. HP: 54/55 MP: 8/8
  3958 | D:4      | Slain by a two-headed ogre

Vault maps used:
D:1:      dpeg_arrival_water_temple_mockup, tso_metal_star
D:2:      first_ration, serial_co_window_serial, co_window_of_opportunity_a,
          co_window_corner_a, co_window_paths_b, co_window_paths_a,
          co_window_paths_a, co_window_paths_c, co_window_cross_3,
          co_window_corner_b, co_window_paths_d, glass_columns_b,
          glass_columns_a, trog_butcher_becter, uniq_crazy_yiuf_cottage
D:4:      gammafunk_temple_overflow_wave
D:5:      gammafunk_temple_overflow_statue, temple_statues
Temple:   eino_narrow_crystal_temple

Skill      XL: |  1  2  3  4  5  6 |
---------------+-------------------+-----
Unarmed Combat | 3 4 5 7 8 |  8.3
Fighting       | |  2.1
Throwing       | |  0.8
Armour         | |  0.8
Dodging        | |  1.7
Spellcasting   | |  1.7
Translocations | |  2.6

Action                   |  1- 3 |  4- 6 |  7- 9 || total
-------------------------+-------+-------+-------++-------
Melee: Unarmed           |    48 |   133 |    20 ||   201
       Punch             |     5 |     3 |       ||     8
       Whip              |    88 |    44 |       ||   132
 Cast: Blink             |       |     1 |       ||     1
  Use: Potion            |       |     4 |       ||     4
       Scroll            |       |     1 |     3 ||     4
  Eat: Chunk             |    15 |    11 |       ||    26
Armor: Leather armour    |    44 |    38 |       ||    82
       Troll leather arm |       |     5 |     5 ||    10
Dodge: Dodged            |    90 |    75 |    13 ||   178

Table legend:
 A = Spawn XP
 B = Non-spawn XP
 C = Spawn XP percentage of total XP
 D = Spawn monster count
 E = Non-spawn monster count
 F = Spawn count percentage of total count
 G = Total turns spent on level
                    A         B        C        D         E        F      G
               +---------+---------+-------+---------+---------+-------+---------
         Total |       0 |     720 |   0.0 |       0 |      95 |   0.0 |  3958
               +---------+---------+-------+---------+---------+-------+---------
           D:1 |       0 |      60 |   0.0 |       0 |      36 |   0.0 |   942
           D:2 |       0 |     100 |   0.0 |       0 |      22 |   0.0 |  1446
           D:3 |       0 |      82 |   0.0 |       0 |      18 |   0.0 |   542
           D:4 |       0 |     245 |   0.0 |       0 |      11 |   0.0 |   251
           D:5 |       0 |     233 |   0.0 |       0 |       8 |   0.0 |   744
               +---------+---------+-------+---------+---------+-------+---------

Vault maps used:
D:1:      dpeg_arrival_water_temple_mockup, tso_metal_star
D:2:      first_ration, serial_co_window_serial, co_window_of_opportunity_a,
          co_window_corner_a, co_window_paths_b, co_window_paths_a,
          co_window_paths_a, co_window_paths_c, co_window_cross_3,
          co_window_corner_b, co_window_paths_d, glass_columns_b,
          glass_columns_a, trog_butcher_becter, uniq_crazy_yiuf_cottage
D:4:      gammafunk_temple_overflow_wave
D:5:      gammafunk_temple_overflow_statue, temple_statues
Temple:   eino_narrow_crystal_temple

Table legend:
 A = Turns spent in this place as a percentage of turns spent in the entire game.
 B = Non-inter-level travel turns spent in this place as a percentage of non-inter-level travel turns spent in the entire game.
 C = Inter-level travel turns spent in this place as a percentage of turns spent in this place.
 D = Turns resting spent in this place as a percentage of non-inter-level travel turns spent in this place.
 E = Turns spent auto-exploring this place as a percentage of non-inter-level travel turns spent in this place.
 F = Non-inter-level travel turns spent in this place divided by the number of levels of this place that you've seen.
                   A       B       C       D       E      F
               +-------+-------+-------+-------+-------+----------------------
         Total | 100.0 | 100.0 |   3.2 |  12.9 |  66.1 | 638.8
       Dungeon |  99.2 |  99.5 |   2.8 |  12.9 |  66.2 | 763.0
        Temple |   0.8 |   0.5 |  45.5 |   0.0 |  38.9 |  18.0
               +-------+-------+-------+-------+-------+----------------------

Table legend:
 A = Kills in this place as a percentage of kills in entire the game.
 B = Kills by you in this place as a percentage of kills by you in the entire game.
 C = Kills by friends in this place as a percentage of kills by friends in the entire game.
 D = Other kills in this place as a percentage of other kills in the entire game.
 E = Experience gained in this place as a percentage of experience gained in the entire game.
 F = Experience gained in this place divided by the number of levels of this place that you have seen.
                   A       B       C       D       E      F
               +-------+-------+-------+-------+-------+----------------------
         Total | 100.0 | 100.0 |   N/A |   N/A | 100.0 | 120.0
       Dungeon | 100.0 | 100.0 |   N/A |   N/A | 100.0 | 144.0
               +-------+-------+-------+-------+-------+----------------------
